 Dungeon Crawl Stone Soup version 0.23.2 (webtiles) character file.

Game seed: 2010879154357363076

177 Kairos the Gusty (level 5, -3/28 HPs)
             Began as a Tengu Air Elementalist on Apr 11, 2019.
             Slain by a black bear (6 damage)
             ... on level 4 of the Dungeon.
             The game lasted 00:08:54 (4327 turns).

Kairos the Gusty (Tengu Air Elementalist)           Turns: 4327, Time: 00:08:54

Health: -3/28      AC:  3    Str:  8    XL:     5   Next: 57%
Magic:  1/10       EV: 13    Int: 16    God:
Gold:   227        SH:  0    Dex: 15    Spells: 4/10 levels left

rFire    . . .     SeeInvis .   h - +2 whip (holy)
rCold    . . .     Gourm    .   (no shield)
rNeg     . . .     Faith    .   a - +0 robe
rPois    .         Spirit   .   (helmet restricted)
rElec    .         Reflect  .   (no cloak)
rCorr    .         Harm     .   d - +0 pair of gloves
MR       .....                  (boots unavailable)
Stlth    ++........             (no amulet)
HPRegen  0.09/turn              (no ring)
MPRegen  0.12/turn              (no ring)

@: no status effects
A: beak, talons 3, able to fly
a: Fly


You were on level 4 of the Dungeon.
You were near starving.

You visited 1 branch of the dungeon, and saw 4 of its levels.

You collected 227 gold pieces.

Inventory:

Hand Weapons
 b - a +0 dagger
 e - a +0 quarterstaff
 h - a +2 whip of holy wrath (weapon)
 q - a +0 dagger of electrocution
Armour
 a - a +0 robe (worn)
 d - a +0 pair of gloves (worn)
Wands
 s - a wand of paralysis (8)
Scrolls
 f - a scroll of fear
 i - 3 scrolls of enchant armour
 j - a scroll of blinking
 k - 3 scrolls of remove curse
 l - a scroll of teleportation {unknown}
 p - a scroll of immolation
 t - a scroll of random uselessness {unknown}
 u - a scroll of identify
Potions
 g - 2 potions of flight
 m - 2 potions of heal wounds
 n - 2 potions of haste {unknown}
 o - a potion of curing {unknown}
 r - a potion of degeneration {unknown}
Comestibles
 c - 8 rations


   Skills:
 + Level 0.1 Fighting
 + Level 0.7 Maces & Flails
 + Level 2.4 Dodging
 + Level 2.4 Stealth
 + Level 3.2 Spellcasting
 + Level 3.5 Conjurations
 + Level 5.5 Air Magic
 + Level 0.1 Evocations


You had 4 spell levels left.
You knew the following spells:

 Your Spells              Type           Power        Failure   Level  Hunger
a - Shock                 Conj/Air       ###.         2%          1    None
b - Swiftness             Chrm/Air       ##......     9%          2    ##.....
c - Static Discharge      Conj/Air       ###.....     9%          3    ###....

Your spell library contained the following spells:

 Spells                   Type           Power        Failure   Level  Hunger
 Beastly Appendage        Tmut           #.....       19%         1    None
 Airstrike                Air            ###.......   19%         4    ####...
 Sticks to Snakes         Tmut           #.......     28%         2    ##.....
 Spider Form              Tmut/Pois      #.........   50%         3    ###....
 Ice Form                 Ice/Tmut       #.......     88%         4    ####...
 Lightning Bolt           Conj/Air       ###.......   61%         5    ######.
 Blade Hands              Tmut           #.........   99%         5    ######.


Dungeon Overview and Level Annotations

Branches:
Dungeon (4/15)
 Temple: D:4-7

Altars:
Elyvilon
Nemelex Xobeh
Ru
Trog
Uskayaw
Vehumet
Xom
Yredelemnul
The Shining One


Innate Abilities, Weirdness & Mutations

You have a beak for a mouth.
You have claws for feet.
You can fly continuously.


Message History

You don't have enough magic to cast that spell.
Unknown command.
Casting: Shock (safe; 2% risk of failure)
Confirm with . or Enter, or press ? or * to list all spells.
You don't have enough magic to cast that spell.
Unknown command.
The black bear misses you. The black bear closely misses you.
The black bear claws you.
There is an open door here.
You closely miss the black bear.
The black bear is almost dead.
The black bear bites you. The black bear claws you.
The black bear closely misses you. The black bear misses you.
The black bear barely misses you. x2
You hit the black bear.
The black bear is almost dead.
The black bear bites you!
* * * LOW HITPOINT WARNING * * *
The black bear claws you.
You die...

##################
.................#
.###############.#
.# ... #@# .#
.....#h## .#
.....†...# .#
.........'......
.#
.........##.####
### .# ........##
.# ... .#
.......## .# ## .#
###..#. .# ### .#
#.>.. # ...


You could see a black bear (berserk).

Vanquished Creatures
  A scorpion (D:4)
  An iguana (D:4)
  An adder (D:2)
  An ooze (D:1)
  An adder skeleton (D:4)
  4 worms (D:2)
  A dart slug (D:1)
  A leopard gecko (D:3)
  8 orcs (D:3)
  7 giant cockroaches
  7 goblins
  9 hobgoblins
  A jackal (D:1)
  2 quokkas
  4 bats
  4 frilled lizards
  3 kobolds
  5 rats
61 creatures vanquished.

Notes
Turn   | Place    | Note
-------+----------+-------------------------------------------
     0 | D:1      | Kairos the Tengu Air Elementalist began the quest for the
                  | Orb.
     0 | D:1      | Reached XP level 1. HP: 10/10 MP: 4/4
   280 | D:1      | Reached XP level 2. HP: 9/15 MP: 0/6
  1131 | D:2      | Found a white marble altar of Elyvilon.
  1153 | D:2      | Reached XP level 3. HP: 19/19 MP: 0/7
  2037 | D:2      | Reached XP level 4. HP: 24/24 MP: 7/9
  2160 | D:2      | Learned a level 2 spell: Swiftness
  2498 | D:2      | Learned a level 3 spell: Static Discharge
  2704 | D:3      | Found a glowing golden altar of the Shining One.
  2718 | D:3      | Reached skill level 5 in Air Magic
  3446 | D:4      | Gained mutation: You can fly continuously. [Tengu growth]
  3446 | D:4      | Reached XP level 5. HP: 22/28 MP: 1/10
  3643 | D:4      | Noticed an ogre
  3692 | D:4      | HP: 1/28 [ogre/+0 giant club (16)]
  3738 | D:3      | HP: 1/28 [leopard gecko (3)]
  4156 | D:4      | Found a sacrificial altar of Ru.
  4156 | D:4      | Found a shimmering altar of Xom.
  4156 | D:4      | Found a basalt altar of Yredelemnul.
  4157 | D:4      | Found a bloodstained altar of Trog.
  4157 | D:4      | Found a hide-covered altar of Uskayaw.
  4157 | D:4      | Found a radiant altar of Vehumet.
  4173 | D:4      | Found a sparkling altar of Nemelex Xobeh.
  4318 | D:4      | Noticed a black bear
  4327 | D:4      | Slain by a black bear

Skill      XL: |  1  2  3  4 |
---------------+-------------+-----
Conjurations   | 2 3 |  3.5
Air Magic      | 5 |  5.5
Spellcasting   | 3 |  3.2
Fighting       | |  0.1
Maces & Flails | |  0.7
Dodging        | |  2.4
Stealth        | |  2.4
Evocations     | |  0.1

Action                   |  1- 3 |  4- 6 || total
-------------------------+-------+-------++-------
Melee: Dagger            |     7 |       ||     7
       Whip              |     9 |     2 ||    11
       Kick              |     1 |       ||     1
 Cast: Shock             |    81 |    89 ||   170
Evoke: Wand              |       |     2 ||     2
  Use: Scroll            |       |     8 ||     8
  Eat: Ration            |     1 |       ||     1
       Chunk             |       |     6 ||     6
Armor: Robe              |     2 |     9 ||    11
Dodge: Dodged            |    18 |    25 ||    43
